 Dungeon Crawl Stone Soup version 0.27-a0-1525-g1038ab4fd7 (webtiles) character file.

Game seed: 15046858792887650481

840 Gwenloh the Spear-Bearer (level 8, 0/60 HPs)
             Began as a Merfolk Gladiator on July 8, 2021.
             Succumbed to a water moccasin's poison
             ... on level 5 of the Dungeon on July 10, 2021.
             The game lasted 00:12:48 (3976 turns).

Gwenloh the Spear-Bearer (Merfolk Gladiator)        Turns: 3976, Time: 00:12:49

Health: 0/60       AC:  7    Str: 15    XL:     8   Next: 0%
Magic:  8/8        EV: 14    Int:  7    God:
Gold:   231        SH:  0    Dex: 17    Spells: 7/7 levels left

rFire    . . .     SeeInvis .   a - +0 trident
rCold    + . .     Faith    .   (no shield)
rNeg     . . .     Spirit   .   C - +2 leather armour {rC+}
rPois    .         Reflect  .   m - +0 helmet
rElec    .         Harm     .   (no cloak)
rCorr    .         Rampage  .   u - +0 pair of gloves
Will     .....                  (no boots)
Stlth    +.........             o - amulet of regeneration
HPRegen  1.20/turn              (no ring)
MPRegen  0.11/turn              (no ring)

@: confused, lethally poisoned (0 -> -2)
A: (nimble swimmer 2), mertail
a: no special abilities


You were on level 5 of the Dungeon.
You visited 1 branch of the dungeon, and saw 5 of its levels.
You also visited: Sewer.

You collected 231 gold pieces.

Inventory:

Hand Weapons
 a - a +0 trident (weapon)
 f - a +2 vampiric dagger
Missiles
 d - 3 throwing nets
 i - 93 stones
 p - 6 boomerangs
 t - 11 poisoned darts (quivered)
Armour
 b - a +0 leather armour
 c - a +0 helmet
 g - a +2 robe of fire resistance
 m - a +0 helmet (worn)
 u - a +0 pair of gloves (worn)
 C - a +2 leather armour of cold resistance (worn)
Jewellery
 o - an amulet of regeneration (around neck)
 v - a ring of flight
 y - a ring of positive energy
 B - an amulet of guardian spirit
 D - a ring of wizardry
 G - a ring of poison resistance
Scrolls
 h - 2 scrolls of noise {unknown}
 j - a scroll of identify {unknown}
 n - 2 scrolls of amnesia {unknown}
 q - a scroll of blinking {unknown}
 r - 2 scrolls of fog {unknown}
 s - a scroll of immolation {unknown}
 x - 4 scrolls of teleportation
 E - a scroll of fear {unknown}
 F - a scroll of silence {unknown}
 I - a scroll of enchant weapon {unknown}
Potions
 e - a potion of flight {unknown}
 k - 2 potions of curing {unknown}
 l - a potion of magic {unknown}
 w - a potion of berserk rage {unknown}
 z - a potion of resistance {unknown}
 A - a potion of lignification {unknown}
 H - a potion of mutation {unknown}


   Skills:
 + Level 3.9 Fighting
 * Level 11.4 Polearms
 - Level 2.0 Throwing
 + Level 5.6 Dodging


You had 7 spell levels left.
You didn't know any spells.
Your spell library contained the following spells:

 Spells                   Type           Power      Damage    Failure   Level
 Passwall                 Tmut/Erth      0%         N/A       65%         2
 Call Canine Familiar     Summ           0%         N/A       86%         3
 Portal Projectile        Hex/Tloc       0%         N/A       86%         3
 Swiftness                Air            0%         N/A       86%         3
 Leda's Liquefaction      Hex/Erth       0%         N/A       99%         4
 Blade Hands              Tmut           0%         N/A       100%        5
 Excruciating Wounds      Necr           0%         N/A       100%        5
 Invisibility             Hex            0%         N/A       100%        6


Dungeon Overview and Level Annotations

Branches:
Dungeon (5/15)              Sewer (visited)
 Temple: D:4-7

Altars:
Hepliaklqana
Nemelex Xobeh
Ru

Shops:
D:4 [

Annotations:
D:2 1 runed translucent door, Crazy Yiuf


Innate Abilities, Weirdness & Mutations

((You are quick and stealthy near water. (Stealth+, EV+, Speed+++)))
Your lower body shifts to a powerful aquatic tail in water.


Message History

You have reached level 8!
You're too confused to move!
You feel sick. The water moccasin bites you.
* * * LOW HITPOINT WARNING * * *
The quokka bites you.
* * * LOW HITPOINT WARNING * * *
The bullfrog skeleton hits you but does no damage.
Something hits you but does no damage. The water moccasin bites you.
* * * LOW HITPOINT WARNING * * *
You are more poisoned.
The water moccasin poisons you!
You barely miss the water moccasin.
You feel sick. The howler monkey barely misses you.
The bullfrog skeleton closely misses you.
The quokka bites you.
* * * LOW HITPOINT WARNING * * *
The water moccasin bites you.
* * * LOW HITPOINT WARNING * * *
You barely miss the bullfrog skeleton.
* * * LOW HITPOINT WARNING * * *
You feel very sick.
You hear some strange, mumbled words.
A magic dart appears from out of thin air!
The magic dart hits you but does no damage.
The howler monkey closely misses you. The water moccasin closely misses you.
The bullfrog skeleton completely misses you.
The quokka barely misses you.
Unknown command.
Unknown command.
Welcome back, Gwenloh the Merfolk Gladiator.
Press ? for a list of commands and other information.
* * * LOW HITPOINT WARNING * * *
You feel very sick. The hound zombie barely misses you.
The howler monkey barely misses you. Something hits you but does no damage.
Deactivating autopickup; reactivate with Ctrl-A.
The water moccasin closely misses you.
The bullfrog skeleton completely misses you.
The quokka closely misses you.
The hound zombie bites you but does no damage.
You die...

..........##.###
#.....
.........#..#.#
##....
##.#########...
#....
##...###...
#....
##.....##....
#....
#.......#....
...... #...h...#
...... #..hrS..#
...... ##.Z@{.##
.##.## ##Z..##
...#. ##+## ..
## #. ## ....
.... #.... ...#.


You could see a water moccasin, a howler monkey, a hound zombie, a quokka, a
jackal and a bullfrog skeleton.

Vanquished Creatures
  A water moccasin (Sewer)
  A black bear (D:4)
  2 ogres (D:4)
  A scorpion (D:5)
  A water moccasin zombie (D:5)
  A howler monkey (D:4)
  2 hounds (D:4)
  An orc priest (D:5)
  An iguana (D:4)
  2 orc wizards
  A hound skeleton (D:4)
  3 adders
  2 river rats (D:3)
  A white imp (D:5)
  An ufetubus (D:4)
  A worm (D:3)
  2 dart slugs
  9 orcs
  3 ball pythons
  6 endoplasms
  5 giant cockroaches
  6 goblins
  6 hobgoblins
  5 jackals (D:4)
  3 quokkas
  12 bats
  5 frilled lizards
  3 kobolds
  7 rats
94 creatures vanquished.

Vanquished Creatures (others)
  5 plants (D:2)
  9 withered plants (D:2)
14 creatures vanquished.

Grand Total: 108 creatures vanquished

Notes
Turn   | Place    | Note
-------+----------+-------------------------------------------
     0 | D:1      | Gwenloh the Merfolk Gladiator began the quest for the Orb.
     0 | D:1      | Reached XP level 1. HP: 16/16 MP: 1/1
   149 | D:1      | Reached skill level 5 in Polearms
   309 | D:1      | Reached XP level 2. HP: 15/22 MP: 2/2
   677 | D:1      | Reached skill level 6 in Polearms
   677 | D:1      | Reached XP level 3. HP: 27/27 MP: 3/3
  1467 | D:2      | Found a faded altar of an unknown god.
  1682 | D:2      | Found a runed translucent door.
  1683 | D:2      | Noticed Crazy Yiuf
  1849 | D:3      | Reached skill level 7 in Polearms
  1849 | D:3      | Reached XP level 4. HP: 33/33 MP: 4/4
  2020 | D:3      | Found a sacrificial altar of Ru.
  2426 | D:3      | Found a glowing drain.
  2462 | Sewer    | Entered a sewer
  2504 | Sewer    | Noticed a water moccasin
  2536 | Sewer    | Killed a water moccasin
  2537 | Sewer    | Reached skill level 9 in Polearms
  2537 | Sewer    | Reached XP level 5. HP: 35/38 MP: 5/5
  2693 | D:4      | Reached XP level 6. HP: 44/44 MP: 6/6
  2815 | D:4      | Found Forr's Antique Armour Boutique.
  2948 | D:4      | Noticed a black bear
  2955 | D:4      | Killed a black bear
  2956 | D:4      | Reached skill level 10 in Polearms
  3024 | D:4      | Reached XP level 7. HP: 51/51 MP: 7/7
  3670 | D:5      | Entered Level 5 of the Dungeon
  3677 | D:5      | Reached skill level 5 in Dodging
  3716 | D:5      | Reached skill level 11 in Polearms
  3777 | D:5      | Noticed a vampire
  3948 | D:5      | Found a sparkling altar of Nemelex Xobeh.
  3948 | D:5      | Found a hazy altar of Hepliaklqana.
  3972 | D:5      | Reached XP level 8. HP: 25/60 MP: 8/8
  3974 | D:5      | HP: 3/60 [poisoned by a water moccasin]
  3975 | D:5      | Upgraded the game from 0.27-a0-1502-g47ed6a6988 to
                  | 0.27-a0-1525-g1038ab4fd7
  3975 | D:5      | HP: 1/60 [poisoned by a water moccasin]
  3976 | D:5      | Succumbed to a water moccasin's poison

Illustrated notes

Levels and vault maps discovered:
D:1:      amcnicky_arrival_feature_with_door, layout_loops_cross
D:2:      layout_rooms, shapermc_ecumenical_altar_flowoftime,
          uniq_crazy_yiuf_cottage
D:3:      layout_loops_cross, mainiacjoe_overflow_boulevard,
          portal_sewer_entry_b
D:4:      layout_basic, serial_shops, nicolae_shop_behind_doors,
          roderic_serpentine_path, grunt_ministairs_4
D:5:      minmay_opposing_rooms, layout_cave_pools,
          gammafunk_temple_overflow_wave, doesnt_xom_only_xom

Skill      XL: |  1  2  3  4  5  6  7 |
---------------+----------------------+-----
Polearms       | 5 6 7 9 10 11 | 11.4
Fighting       | 3 |  3.9
Dodging        | 5 |  5.6
Throwing       | |  2.0

Action                   |  1- 3 |  4- 6 |  7- 9 || total
-------------------------+-------+-------+-------++-------
Melee: Dagger            |   121 |       |       ||   121
       Trident           |    34 |    97 |   112 ||   243
Throw: Stone             |    28 |     2 |       ||    30
       Dart              |       |    34 |    33 ||    67
       Boomerang         |       |     1 |     8 ||     9
  Use: Scroll            |       |       |     1 ||     1
 Stab: Sleeping          |     2 |       |       ||     2
Armor: Leather armour    |     5 |       |    53 ||    58
       Robe              |    31 |     9 |     5 ||    45
Dodge: Dodged            |    96 |    42 |   125 ||   263

Table legend: (Time is in decaauts)
 A = Elapsed time spent in this place.
 B = Non-inter-level travel time spent in this place.
 C = Inter-level travel time spent in this place.
 D = Time resting spent in this place.
 E = Time spent auto-exploring this place.
 F = Levels seen in this place.
 G = Mean time per level.
                   A        B        C        D        E       F      G
               +--------+--------+--------+--------+--------+-----+--------+
         Total |   3924 |   3763 |    161 |    129 |   2731 |   6 |  654.0 |
       Dungeon |   3804 |   3643 |    161 |    129 |   2697 |   5 |  760.8 |
         Sewer |    120 |    120 |      0 |      0 |     34 |   1 |  120.0 |
               +--------+--------+--------+--------+--------+-----+--------+

Top non-repeatable levels by time:
     D:4: 1069 daAuts
     D:1: 1016 daAuts
     D:2: 746 daAuts
     D:3: 733 daAuts
     D:5: 238 daAuts
   Sewer: 120 daAuts
